 Dungeon Crawl Stone Soup version 0.29.1-12-g30fa7ad0bf (webtiles) character file.

Game seed: 17956121070119270663

67434 FexLirch the Spry (level 14, -21/70 HPs)
             Began as a Felid Summoner on Dec 17, 2022.
             Was an Initiate of Gozag.
             Blown up by an orb spider (46 damage)
             ... with an orb of destruction
             ... on level 3 of the Spider Nest on Dec 18, 2022.
             The game lasted 04:46:24 (40241 turns).

FexLirch the Spry (Felid Summoner)                 Turns: 40241, Time: 04:46:25

Health: -21/70     AC: 16    Str:  4    XL:     14   Next: 82%
Magic:  19/40      EV: 36    Int: 28    God:    Gozag
Gold:   5863       SH:  5    Dex: 17    Spells: 0/37 levels left
                                        Lives:  0   Deaths: 5

rFire   . . .      SeeInvis +   (weapon unavailable)
rCold   . . .      Faith    .   (shield unavailable)
rNeg    . . .      Spirit   .   (body armour unavailable)
rPois   ∞          Reflect  +   (helmet unavailable)
rElec   +          Harm     .   (cloak unavailable)
rCorr   .          Rampage  .   (gloves unavailable)
Will    +++..                   (boots unavailable)
Stlth   ++........              G - amulet of reflection
HPRegen 0.21/turn               b - ring of the Albatross {rPois MP+9 Int+4}
MPRegen 0.27/turn               m - ring of wizardry

@: storm-form, gold aura, flying
A: cleaving, insubstantial, flying, very small, (claws 1), (fangs 3), see
invisible, (speed 1), (shaggy fur 3), (stealthy paws), no weapons or thrown
items, no armour, multi-lived, (iridescent scales 1), strong-willed 1
a: Blinkbolt, End Transformation, Renounce Religion, Potion Petition, Call
Merchant, Bribe Branch


You were on level 3 of the Spider Nest.
You worshipped Gozag.
Gozag was greatly pleased with you.
You were a lightning-filled tempest!
You visited 5 branches of the dungeon, and saw 26 of its levels.
You also visited: Bailey.

You collected 10088 gold pieces.
You spent 2700 gold pieces at shops.
You paid 1525 gold pieces to Gozag.

Inventory:

Jewellery
 b - the ring of the Albatross (left paw) {rPois MP+9 Int+4}
   (You acquired it on level 2 of the Orcish Mines)

   [ring of magical power]

   Int:       It affects your intelligence (+4).
   rPois:     It protects you from poison.
   MP:        It affects your magic capacity (+9).
 m - a ring of wizardry (right paw)
 n - a ring of positive energy
 u - a ring of protection from fire
 B - a ring of protection from cold
 F - a ring of ice
 G - an amulet of reflection (around neck)
 H - the ring of Dawn {rPois SInv}
   (You found it on level 12 of the Dungeon)

   [ring of see invisible]

   rPois:     It protects you from poison.
   SInv:      It lets you see invisible.
 I - a ring of flight
 L - a ring of fire
 P - a ring of willpower
 S - a +6 ring of intelligence
 U - a +6 ring of intelligence
 X - a ring of fire
Wands
 j - a wand of paralysis (14)
 r - a wand of digging (5)
 t - a wand of light (13)
 w - a wand of mindburst (20)
 D - a wand of roots (13)
 K - a wand of flame (31)
 R - a wand of polymorph (5)
Scrolls
 i - 4 scrolls of noise
 k - a scroll of summoning {unknown}
 q - 6 scrolls of vulnerability
 s - 4 scrolls of poison
 y - 4 scrolls of fog
 A - 4 scrolls of teleportation
 C - 2 scrolls of magic mapping
 E - a scroll of silence
 M - 2 scrolls of immolation
 N - 2 scrolls of torment
 Q - 2 scrolls of amnesia
 W - 2 scrolls of identify
Potions
 a - 4 potions of invisibility
 e - 3 potions of curing
 f - 3 potions of might
 g - 5 potions of lignification
 h - 3 potions of brilliance
 l - a potion of experience
 o - 2 potions of attraction
 p - 4 potions of haste
 v - 5 potions of mutation
 x - a potion of resistance
 J - a potion of magic
 O - 3 potions of flight
 T - a potion of cancellation
 V - 4 potions of ambrosia
Miscellaneous
 z - a condenser vane


   Skills:
 + Level 13.4 Fighting
 + Level 17.1 Dodging
 - Level 2.6 Stealth
 - Level 12.0 Spellcasting
 - Level 5.0 Hexes
 + Level 14.1 Summonings
 + Level 6.7 Translocations
 * Level 13.1 Transmutations
 - Level 4.0 Ice Magic
 * Level 9.7 Air Magic


You couldn't memorise any spells.
You knew the following spells:

 Your Spells              Type           Power      Damage    Failure   Level
a - Malign Gateway        Summ/Tloc      33%        N/A       16%         7
c - Call Canine Familiar  Summ           77%        N/A       1%          3
d - Summon Guardian Gole  Hex/Summ       63%        N/A       1%          3
e - Summon Lightning Spi  Summ/Air       70%        N/A       1%          4
f - Mephitic Cloud        Conj/Pois/Air  34%        N/A       1%          3
g - Swiftness             Air            63%        N/A       1%          3
h - Dragon Form           Tmut           37%        N/A       5%          7
j - Storm Form            Tmut/Air       34%        N/A       11%         7

Your spell library contained the following spells:

 Spells                   Type           Power      Damage    Failure   Level
 Summon Small Mammal      Summ           100%       N/A       0%          1
 Call Imp                 Summ           77%        N/A       0%          2
 Foxfire                  Conj/Fire      64%        2x1d7     1%          1
 Freeze                   Ice            100%       1d11      1%          1
 Magic Dart               Conj           64%        1d6       1%          1
 Slow                     Hex            100%       N/A       1%          1
 Ensorcelled Hibernation  Hex/Ice        84%        N/A       1%          2
 Passwall                 Tmut/Erth      43%        N/A       1%          2
 Poisonous Vapours        Pois/Air       88%        N/A       1%          2
 Static Discharge         Conj/Air       44%        3-9/arc   1%          2
 Sublimation of Blood     Necr           16%        N/A       1%          2
 Confusing Touch          Hex            44%        N/A       1%          3
 Dazzling Flash           Conj/Hex       60%        N/A       1%          3
 Frozen Ramparts          Ice            78%        1d12      1%          3
 Inner Flame              Hex/Fire       30%        N/A       1%          3
 Petrify                  Tmut/Erth      52%        N/A       1%          4
 Summon Ice Beast         Ice/Summ       61%        N/A       1%          4
 Blade Hands              Tmut           37%        N/A       1%          5
 Silence                  Hex/Air        27%        N/A       1%          5
 Irradiate                Conj/Tmut      26%        3d20      2%          5
 Conjure Flame            Conj/Fire      16%        6-21      4%          3
 Stone Arrow              Conj/Erth      32%        3d9       4%          3
 Vampiric Draining        Necr           16%        2d7       4%          3
 Lightning Bolt           Conj/Air       22%        1d37      4%          5
 Hailstorm                Conj/Ice       28%        3d8       6%          4
 Flame Wave               Conj/Fire      16%        2d7       13%         4
 Summon Horrible Things   Summ           38%        N/A       26%         8
 Agony                    Necr           16%        N/A       32%         5
 Lee's Rapid Deconstruct  Erth           8%         3d8*      32%         5
 Maxwell's Capacitive Co  Air            31%        ∞         82%         8
 Iron Shot                Conj/Erth      8%         9d3       86%         6
 Chain Lightning          Conj/Air       22%        3d29      100%        9
 Fire Storm               Conj/Fire      8%         8d2       100%        9
 Polar Vortex             Ice            19%        N/A       100%        9
 Shatter                  Erth           8%         3d10*     100%        9
 Animate Armour           Summ/Erth      Unusable   N/A       N/A         4
 Corpse Rot               Necr/Pois/Air  Unusable   N/A       N/A         4

Dungeon Overview and Level Annotations

Branches:
Dungeon (15/15)            Temple (1/1) D:7            Lair (5/5) D:8
 Shoals (0/4) Lair:2       Spider (3/4) Lair:2        Slime (0/5) Lair:5
    Orc (2/2) D:12            Elf (0/3) Orc:2        Vaults (0/5) D:14
 Depths (0/4) D:15         Bailey (visited)

Altars:
Cheibriados
Dithmenos
Fedhas
Gozag
Kikubaaqudgha
Makhleb
Nemelex Xobeh
Qazlal
Ru
Sif Muna
Uskayaw
Vehumet
Wu Jian
Yredelemnul
Zin
Jiyva

Shops:
D:5 *   Orc:1 :   Orc:2 :*?[   Lair:1 :   Lair:3 =

Annotations:
D:5 exclusion: 2 orc priests
D:10 3 runed translucent doors
Lair:3 3 runed translucent doors, Ohopnof's ghost, journeyman MiBe
Orc:2 1 runed translucent door


Innate Abilities, Weirdness & Mutations

You are a lightning-filled tempest!
Your electrical attacks strike out in all directions at once.
You are incredibly evasive.
Your insubstantial body is immune to petrification, constriction, and being set on fire You are flying.
You are immune to poison.
((You have sharp claws.))
((You have razor-sharp teeth.))
You have supernaturally acute eyesight. (SInv)
((You cover ground quickly. (Speed+)))
((Your thick and shaggy fur keeps you warm. (AC +3, rC+)))
((Your paws help you pounce on unaware monsters.))
You are incapable of wielding weapons or throwing items.
You cannot wear armour.
You gain extra lives every three experience levels.
((You are partially covered in iridescent scales. (AC +2)))
You are strong-willed. (Will+)


Message History

The sun moth appears confused.
Your warg barely misses the sun moth.
The orb spider bites the orb of destruction!
Your warg bites the sun moth!
The sun moth bites your warg!!
Your warg is covered in liquid flames.
Your warg is covered in liquid flames!
Casting: Mephitic Cloud (safe; 1% risk of failure)
Confirm with . or Enter, or press ? or * to list all spells.
An electric hum fills the air.
Your warg burns!
Your warg bites the sun moth.
The orb spider pulsates with a strange energy.
The orb of destruction hits you!!
Your guardian golem is caught in a web!
Okay, then.
Unknown command.
Unknown command.
Your warg burns!
The sun moth bites your warg!!
Your guardian golem pulls away from the web.
Casting: Summon Lightning Spire (safe; 1% risk of failure)
Confirm with . or Enter, or press ? or * to list all spells.
Okay, then.
Unknown command.
Unknown command.
Your warg burns!
Your warg bites the sun moth.
The orb spider bites the orb spider!
Your warg burns!
The sun moth bites your warg.
Your warg bites the sun moth.
Your warg burns!
Your warg dies!
Your warg's corpse disappears in a puff of smoke!
The orb spider weaves a glowing orb of energy.
The orb spider is distracted by your dazzling golden aura.
Your guardian golem overheats!
An orb of destruction comes into view.
The sun moth bites your guardian golem but does no damage.
The orb spider begins to weave its threads into a brightly glowing ball.
The orb of destruction hits you!!!
Ouch! That really hurt!
You die...

. ... ....^. ..
^....# ..##....#
s#.....##
##..s....## .
#.ss≈≈^...#..
..##^.8○.^9§...?
#....≈.○$.y≈....
#^.^..^.v..^....
#^.^.≈..$..≈.^..
#.............##
#..#...^≈≈...##
#^ ##.......#.#
# ##.^.$.## #
....^.# ......##


You could see a sun moth (confused, ally target), 2 orb spiders, a culicivora, a
tarantella, a friendly guardian golem (summoned, inner flame) and a friendly
lightning spire (summoned, sheltered).

Vanquished Creatures
  Frances (D:14)
  Kirke (Lair:5)
  An emperor scorpion (Spider:2)
  A dire elephant (D:15)
  A fire dragon (Lair:5)
  5 two-headed ogres (Orc:2)
  An ogre mage (Orc:2)
  A boulder beetle (D:15)
  2 centaur warriors (D:15)
  5 death yaks
  A tengu warrior (D:15)
  2 skeletal warriors (D:15)
  4 pharaoh ants
  A deep troll (Orc:2)
  2 steelbarb worms
  4 orb spiders
  A swamp dragon (Lair:5)
  2 deep elf pyromancers
  2 orc knights
  An orc sorcerer (Orc:1)
  9 ugly things
  2 cyclopes
  2 manticores (D:15)
  5 wolf spiders
  2 elephants
  A black mamba (Lair:5)
  A guardian serpent (Lair:5)
  A torpor snail (Spider:2)
  2 komodo dragons (Lair:5)
  A rime drake (Lair:5)
  3 demonic crawlers
  6 trolls
  2 meliai (D:14)
  13 tarantellas
  4 slime creatures
  7 jumping spiders
  A centaur simulacrum (D:14)
  9 culicivoras
  2 hogs (Lair:5)
  2 yaks (Lair:4)
  3 wyverns (Lair:5)
  3 basilisks
  3 fire elementals (D:15)
  24 redbacks
  2 steam dragons (Lair:5)
  An acid dragon (D:14)
  A warg (Orc:2)
  2 hell hounds (D:15)
  6 water moccasins (Lair:5)
  A black bear (D:8)
  5 orc warriors
  2 swamp drakes (Lair:5)
  8 ogres (Orc:2)
  4 centaurs
  3 bullfrogs
  11 killer bees
  A hound (D:5)
  6 orc priests
  A jelly (Lair:5)
  3 iguanas (Lair:5)
  5 orc wizards
  2 gnolls (Orc:2)
  15 orcs
  2 ball pythons
  An endoplasm (D:3)
  2 goblins
  3 bats (D:2)
  A frilled lizard (D:2)
  2 kobolds
  A rat (D:2)
  A butterfly (Lair:4)
239 creatures vanquished.

Vanquished Creatures (collateral kills)
  Jorgrun (D:14)
  Nessos (Lair:5)
  Azrael (D:15)
  4 hydras
  2 boulder beetles (D:13)
  2 centaur warriors
  2 ogre magi
  3 catoblepae
  A jorogumo (Spider:2)
  2 radroaches
  4 two-headed ogres
  2 death yaks (Lair:4)
  3 skeletal warriors (D:15)
  A pharaoh ant (Spider:2)
  An orb spider (Spider:1)
  A deep troll (Orc:2)
  Lodul (D:11)
  2 steelbarb worms (Spider:1)
  2 wolf spiders
  8 ugly things
  3 cyclopes
  A deep elf pyromancer (D:13)
  An orc sorcerer (Orc:2)
  A manticore (Lair:2)
  A salamander (shapeshifter) (D:14)
  13 elephants
  6 black mambas
  Joseph (D:8)
  A gargoyle (D:11)
  5 cane toads
  2 komodo dragons (Lair:3)
  Maggie (D:9)
  Psyche (D:11)
  4 rime drakes
  An unseen horror (D:10)
  A demonic crawler (Spider:1)
  3 hornets
  A queen bee (D:14)
  3 trolls
  2 meliai (D:14)
  4 tarantellas
  A wind drake (Lair:2)
  16 blink frogs
  2 slime creatures
  4 dream sheep (Lair:5)
  5 jumping spiders
  A shadow (D:12)
  A ynoxinul (D:9)
  5 culicivoras
  2 wraiths
  20 yaks
  8 wyverns
  A yak (shapeshifter) (D:13)
  Grum (D:8)
  7 basilisks
  6 redbacks
  3 vampire mosquitoes
  A two-headed ogre zombie (D:12)
  10 water moccasins
  2 acid dragons
  A hell hound (D:15)
  A water moccasin (shapeshifter) (D:13)
  An ice beast (D:6)
  3 orc warriors
  2 black bears
  15 ogres
  15 wolves
  13 centaurs
  3 phantoms
  4 kobold brigands
  3 scorpions
  7 bullfrogs
  Dowan (D:7)
  2 elephant simulacra (D:13)
  13 killer bees
  A troll zombie (D:12)
  A nameless horror (Bailey)
  5 howler monkeys
  6 jellies
  8 orc priests
  Crazy Yiuf (D:2)
  7 hounds
  Jessica (D:2)
  3 iguanas
  4 hell rats (Lair:4)
  14 orc wizards
  3 ogre zombies (D:12)
  6 gnolls
  2 adders
  A naga simulacrum (D:13)
  2 white imps
  An ufetubus (D:4)
  3 worms
  2 dart slugs (D:2)
  55 orcs
  5 endoplasms
  A giant cockroach (D:10)
  7 goblins
  3 hobgoblins
  4 jackals (D:4)
  20 kobolds
  4 quokkas
  6 ball pythons
  2 bats (D:3)
  4 frilled lizards
  A goblin skeleton (D:12)
  2 goblin zombies (D:12)
  A hobgoblin skeleton (D:12)
  A hobgoblin zombie (D:12)
  3 orc skeletons (D:12)
  14 orc zombies (D:12)
  2 rats (D:1)
  A spectral orc (D:3)
  A butterfly (Lair:2)
488 creatures vanquished.

Vanquished Creatures (others)
  An eldritch tentacle (Spider:1)
  A broodmother (Spider:2)
  3 spark wasps
  A hydra (Lair:4)
  Fannar (D:11)
  4 boulder beetles
  A centaur warrior (D:13)
  3 two-headed ogres
  2 death yaks (Lair:5)
  Nergalle (Lair:3)
  The ghost of lotum the Cleaver, a novice MiFi of Yredelemnul (D:9)
  Sonja (D:12)
  A pharaoh ant (Spider:3)
  An orb spider (Spider:2)
  A wolf spider (Spider:2)
  10 ugly things
  A deep elf zephyrmancer (Bailey)
  A deep elf pyromancer (D:13)
  3 slime creatures (D:12)
  2 manticores
  5 elephants
  A cyclops (D:13)
  4 black mambas
  6 cane toads
  A torpor snail (Spider:1)
  3 demonic crawlers
  A rime drake (Lair:3)
  A freezing wraith (D:14)
  5 trolls
  A komodo dragon (Lair:2)
  2 meliai (D:14)
  A queen bee (shapeshifter) (D:13)
  2 tarantellas (Spider:1)
  A blink frog (Lair:4)
  A vampire (D:11)
  2 culicivoras (Spider:2)
  A shadow (D:12)
  A wraith (D:10)
  3 wyverns
  A human (Lair:5)
  A steam dragon (D:6)
  10 yaks
  2 basilisks
  4 redbacks
  2 vampire mosquitoes (D:13)
  Duvessa (D:7)
  4 water moccasins
  8 orc warriors
  A sky beast (D:7)
  11 wolves
  7 ogres
  2 centaurs
  2 bullfrogs
  A gnoll sergeant (D:8)
  A troll zombie (D:12)
  8 killer bees
  2 howler monkeys (D:10)
  An iguana (D:6)
  2 orc wizards
  A troll simulacrum (D:13)
  3 wolf simulacra (D:13)
  2 ogre zombies (D:12)
  A gnoll (D:8)
  A naga simulacrum (D:13)
  6 orcs
  A goblin skeleton (D:12)
  An orc skeleton (D:12)
  An orc zombie (D:12)
  66 fungi
  94 plants
330 creatures vanquished.

Grand Total: 1057 creatures vanquished

Notes
Turn   | Place    | Note
-------+----------+-------------------------------------------
     0 | D:1      | FexLirch the Felid Summoner began the quest for the Orb.
     0 | D:1      | Reached XP level 1. HP: 7/7 MP: 4/4
     6 | D:1      | Noticed a komodo dragon
     6 | D:1      | Noticed a swamp worm
     6 | D:1      | Noticed a salamander
     7 | D:1      | Noticed a polar bear
   484 | D:1      | Reached XP level 2. HP: 10/11 MP: 1/6
   566 | D:1      | Learned a level 2 spell: Call Imp
  1562 | D:2      | Found a runed translucent door.
  1563 | D:2      | Noticed Crazy Yiuf
  1655 | D:2      | Noticed Jessica
  1931 | D:2      | Reached XP level 3. HP: 14/14 MP: 4/8
  1935 | D:2      | Learned a level 3 spell: Call Canine Familiar
  2228 | D:2      | Killed Jessica
  2229 | D:2      | Reached XP level 4. HP: 18/18 MP: 4/9
  2286 | D:2      | Learned a level 3 spell: Summon Guardian Golem
  2712 | D:2      | Succumbed to Crazy Yiuf's poison
  2713 | D:2      | Reached XP level 3. HP: 0/14 MP: 5/8
  2792 | D:2      | Killed Crazy Yiuf
  2991 | D:3      | Reached skill level 5 in Summonings
  3040 | D:3      | Reached skill level 3 in Dodging
  3045 | D:3      | Reached skill level 1 in Hexes
  3180 | D:3      | Reached XP level 4. HP: 18/18 MP: 9/9
  3228 | D:3      | Found a basalt altar of Yredelemnul.
  3429 | D:3      | Reached skill level 1 in Fighting
  3955 | D:4      | Reached XP level 5. HP: 22/22 MP: 8/11
  4180 | D:4      | Found an ornate altar of the Wu Jian Council.
  5077 | D:5      | Entered Level 5 of the Dungeon
  5209 | D:4      | Gained mutation: You are covered in thick fur. (AC +2)
                  | [Felid growth]
  5209 | D:4      | Reached XP level 6. HP: 14/26 MP: 4/12
  5380 | D:5      | Found Amyeg's General Store.
  5388 | D:5      | Bought a scroll of identify for 28 gold pieces
  5388 | D:5      | Bought a scroll of identify for 28 gold pieces
  5388 | D:5      | Bought a scroll of identify for 28 gold pieces
  5443 | D:5      | Reached skill level 4 in Dodging
  5842 | D:5      | Reached XP level 7. HP: 23/30 MP: 8/14
  6597 | D:6      | Noticed a steam dragon
  6604 | D:6      | Learned a level 4 spell: Summon Lightning Spire
  6618 | D:6      | Killed a steam dragon
  6619 | D:6      | Reached skill level 5 in Dodging
  6697 | D:6      | Reached skill level 1 in Air Magic
  6949 | D:6      | Reached XP level 8. HP: 23/34 MP: 6/15
  7151 | D:6      | Reached skill level 5 in Hexes
  8229 | D:6      | Found a shimmering blue altar of Sif Muna.
  8252 | D:6      | Reached skill level 6 in Dodging
  8419 | D:7      | Found a flagged portal.
  8449 | Bailey   | Entered a bailey
  8479 | Bailey   | Learned a level 3 spell: Mephitic Cloud
  8573 | Bailey   | Reached skill level 5 in Spellcasting
  8755 | Bailey   | Noticed an orc knight
  8774 | Bailey   | Killed an orc knight
  8775 | Bailey   | Reached skill level 7 in Dodging
  8775 | Bailey   | Reached XP level 9. HP: 40/40 MP: 3/18
  8919 | Bailey   | Found a large runed translucent door.
  8919 | Bailey   | Found a large runed translucent door.
  8920 | Bailey   | Noticed a deep elf zephyrmancer
  8983 | Bailey   | Killed from afar by a deep elf zephyrmancer
  8984 | Bailey   | Reached XP level 8. HP: -8/36 MP: 10/17
  9045 | Bailey   | Killed a deep elf zephyrmancer
  9046 | Bailey   | Reached skill level 5 in Fighting
  9494 | D:7      | Found a staircase to the Ecumenical Temple.
  9503 | Temple   | Entered the Ecumenical Temple
  9520 | Temple   | Became a worshipper of Gozag Ym Sagoz the Greedy
  9552 | D:7      | Noticed a troll
  9581 | D:7      | Found a radiant altar of Vehumet.
  9600 | D:7      | Killed a troll
  9601 | D:7      | Reached skill level 8 in Dodging
  9601 | D:7      | Reached XP level 9. HP: 40/40 MP: 10/19
  9908 | D:7      | Noticed Dowan
  9917 | D:7      | Killed Dowan
  9937 | D:7      | Noticed Duvessa
  9968 | D:7      | Killed Duvessa
 10710 | D:8      | Noticed Grum
 10729 | D:8      | Killed Grum
 11218 | D:8      | Noticed an elephant
 11280 | D:8      | Killed an elephant
 11281 | D:8      | Reached skill level 9 in Dodging
 11281 | D:8      | Reached skill level 5 in Air Magic
 11432 | D:8      | Noticed Joseph
 11450 | D:8      | Killed Joseph
 11451 | D:8      | Reached XP level 10. HP: 38/46 MP: 6/21
 11745 | D:8      | Found a staircase to the Lair.
 12642 | D:9      | Noticed Maggie
 12642 | D:9      | Found a runed translucent door.
 12726 | D:9      | Learned a level 3 spell: Swiftness
 12728 | D:9      | Noticed lotum's ghost (novice MiFi)
 12778 | D:9      | Killed Maggie
 12799 | D:9      | Killed lotum's ghost
 12800 | D:9      | Reached skill level 10 in Dodging
 12838 | D:9      | Got the Directory of Terrain
 13115 | D:9      | Noticed a boulder beetle
 13161 | D:9      | Killed a boulder beetle
 13162 | D:9      | Reached XP level 11. HP: 50/50 MP: 6/23
 13940 | D:10     | Entered Level 10 of the Dungeon
 14010 | D:10     | Reached skill level 1 in Transmutations
 14392 | D:10     | Found a runed translucent gate.
 14392 | D:10     | Found a runed translucent gate.
 14392 | D:10     | Found a runed translucent gate.
 14393 | D:10     | Noticed a red ugly thing
 14393 | D:10     | Noticed a brown ugly thing
 14394 | D:10     | Noticed a glowing orange brain
 14394 | D:10     | Noticed a white ugly thing
 14501 | D:10     | Found a sacrificial altar of Ru.
 14754 | D:11     | Noticed Psyche
 14771 | D:11     | Noticed Lodul
 14800 | D:11     | Noticed a six-headed hydra
 15048 | D:11     | Killed Psyche
 15289 | D:11     | Noticed a seven-headed hydra
 15307 | D:11     | Killed a seven-headed hydra
 15314 | D:11     | Noticed a two-headed ogre
 15330 | D:11     | Killed a two-headed ogre
 15331 | D:11     | Reached skill level 11 in Dodging
 15368 | D:11     | Noticed a six-headed hydra
 15515 | D:11     | Noticed Fannar
 15805 | D:11     | Found a burning altar of Makhleb.
 15873 | D:11     | Killed a six-headed hydra
 15885 | D:11     | Killed a six-headed hydra
 16032 | D:11     | Killed Fannar
 16033 | D:11     | Reached skill level 10 in Summonings
 16033 | D:11     | Gained mutation: Your thick and shaggy fur keeps you warm.
                  | (AC +3, rC+) [Felid growth]
 16033 | D:11     | Reached XP level 12. HP: 56/56 MP: 13/25
 16052 | D:11     | Killed Lodul
 16102 | D:11     | Got the Guidebook on the Shivering Entourage
 16952 | D:12     | Identified the ring of Dawn {rPois SInv}
 16952 | D:12     | Noticed Sonja
 16973 | D:12     | Killed Sonja
 16975 | D:12     | Reached skill level 5 in Transmutations
 17077 | D:12     | Reached skill level 12 in Dodging
 17203 | D:12     | Found a staircase to the Orcish Mines.
 17376 | D:12     | Noticed a two-headed ogre
 17399 | D:12     | Killed a two-headed ogre
 17665 | D:13     | Found a frozen archway.
 17908 | D:13     | Noticed a boulder beetle
 17941 | D:13     | Killed a boulder beetle
 18725 | D:13     | Noticed a boulder beetle
 18752 | D:13     | Killed a boulder beetle
 19034 | D:13     | Noticed a boulder beetle
 19049 | D:13     | Killed a boulder beetle
 19157 | D:13     | Noticed a centaur warrior
 19166 | D:13     | Killed a centaur warrior
 19168 | D:13     | Reached XP level 13. HP: 46/61 MP: 12/27
 19747 | D:14     | Noticed Jorgrun
 19751 | D:14     | Reached skill level 13 in Dodging
 19758 | D:14     | Noticed Frances
 19781 | D:14     | Killed from afar by Frances
 19782 | D:14     | Reached XP level 12. HP: -9/58 MP: 6/26
 19938 | Lair:1   | Entered Level 1 of the Lair of Beasts
 19960 | Lair:1   | Reached skill level 10 in Fighting
 19968 | Lair:1   | Learned a level 7 spell: Dragon Form
 20016 | Lair:1   | Noticed a catoblepas
 20110 | Lair:1   | Killed a catoblepas
 20946 | Lair:1   | Reached skill level 10 in Spellcasting
 22016 | Lair:2   | Found a staircase to the Shoals.
 22563 | Lair:2   | Found a hole to the Spider Nest.
 23016 | Lair:3   | Noticed Nergalle
 23021 | Lair:3   | Reached XP level 13. HP: 62/62 MP: 3/28
 23034 | Lair:3   | Killed Nergalle
 23223 | Lair:3   | Reached skill level 14 in Dodging
 23319 | Lair:3   | Found a runed translucent gate.
 23320 | Lair:3   | Found a runed translucent gate.
 23321 | Lair:3   | Found a runed translucent gate.
 23321 | Lair:3   | Noticed Ohopnof's ghost (journeyman MiBe)
 23516 | Lair:3   | Bought a ring of willpower for 400 gold pieces
 24445 | Lair:4   | Learned a level 4 spell: Summon Ice Beast
 25091 | Lair:4   | Identified the +4 long sword "Zempel" {freeze, rC+ Int+7}
 25526 | Lair:4   | Reached skill level 1 in Ice Magic
 26401 | Lair:5   | Entered Level 5 of the Lair of Beasts
 26916 | Lair:5   | Noticed Kirke
 26938 | Lair:5   | Killed Kirke
 27325 | Lair:5   | Reached XP level 14. HP: 56/67 MP: 9/30
 27666 | Lair:5   | Reached skill level 15 in Dodging
 27821 | Lair:5   | Gained mutation: You do not regenerate when monsters are
                  | visible. [mutagenic glow]
 27822 | Lair:5   | Lost mutation: You do not regenerate when monsters are
                  | visible. [potion of mutation]
 27822 | Lair:5   | Gained mutation: You are strong-willed. (Will+) [potion of
                  | mutation]
 27822 | Lair:5   | Gained mutation: You are partially covered in iridescent
                  | scales. (AC +2) [potion of mutation]
 27871 | Lair:5   | Noticed Nessos
 27882 | Lair:5   | Killed Nessos
 29134 | Lair:5   | HP: 4/102 [death yak (10)]
 29301 | Lair:5   | Reached skill level 10 in Transmutations
 29722 | Lair:5   | Found a staircase to the Slime Pits.
 29722 | Lair:5   | Found a viscous altar of Jiyva.
 30019 | Orc:1    | Entered Level 1 of the Orcish Mines
 30217 | Orc:1    | Found Atty's Self-Improvement Boutique.
 30452 | Orc:2    | Entered Level 2 of the Orcish Mines
 30452 | Orc:2    | Found a staircase to the Elven Halls.
 30811 | Orc:2    | Found Hoasolo Mobo's Magic Scroll Shoppe.
 30828 | Orc:2    | Reached XP level 15. HP: 73/73 MP: 8/31
 30860 | Orc:2    | Reached skill level 16 in Dodging
 31374 | Orc:2    | Found Joiz's Book Shop.
 31383 | Orc:2    | Found Lumosar's Armour Emporium.
 31384 | Orc:2    | Found Lorech's Assorted Antiques.
 31508 | Orc:2    | Bought a book of the Sky for 748 gold pieces
 31516 | Orc:2    | Learned a level 7 spell: Storm Form
 31516 | Orc:2    | Bought the Parchment of the Coarse Compass for 714 gold
                  | pieces
 31527 | Orc:2    | Learned a level 7 spell: Malign Gateway
 31667 | Orc:2    | Found a runed translucent door.
 32369 | Orc:2    | Bought 3 scrolls of identify for 78 gold pieces
 32369 | Orc:2    | Identified a scroll of acquirement
 32373 | Orc:2    | Acquired the ring of the Albatross {rPois MP+9 Int+4}
 32383 | Orc:2    | Bought a scroll of acquirement for 676 gold pieces
 32384 | Orc:2    | Acquired a Grand Grimoire
 32670 | D:14     | Killed Jorgrun
 32671 | D:14     | Reached skill level 1 in Translocations
 32935 | D:14     | Killed Frances
 33191 | D:14     | Found a gate to the Vaults.
 33753 | D:15     | Entered Level 15 of the Dungeon
 33957 | D:14     | Found a radiant altar of Vehumet.
 34255 | D:15     | Noticed Azrael
 34288 | D:15     | Killed Azrael
 35714 | D:15     | Found a staircase to the Depths.
 36546 | Spider:1 | Entered Level 1 of the Spider Nest
 37125 | Spider:1 | Reached skill level 5 in Translocations
 37138 | Spider:1 | Reached XP level 16. HP: 53/78 MP: 16/33
 37750 | Spider:1 | Slain by a radroach
 37751 | Spider:1 | Reached XP level 15. HP: 0/109 MP: 20/41
 38198 | Spider:2 | Noticed an emperor scorpion
 38231 | Spider:2 | Killed an emperor scorpion
 38419 | Spider:2 | Demolished by a wolf spider simulacrum
 38420 | Spider:2 | Reached XP level 14. HP: -15/70 MP: 20/40
 38467 | Spider:1 | Reached skill level 17 in Dodging
 38560 | Spider:2 | Noticed a broodmother
 38581 | Spider:2 | Killed a broodmother
 39780 | Spider:3 | Noticed an emperor scorpion
 40241 | Spider:3 | Blown up by an orb spider

Illustrated notes

Levels and vault maps discovered:
D:1:      onia_arrival_zoo_common, layout_basic, feat_on_display
D:2:      layout_basic, minmay_tromino_i2, uniq_crazy_yiuf_cottage, uniq_jessica
D:3:      layout_basic, yredelemnul_forgotten_temple_becter
D:4:      layout_basic, nicolae_wu_jian_wuxing_cycle, minmay_statues_item
D:5:      layout_basic, serial_shops, nicolae_shop_hallway_stairs,
          serial_bayou_pond_a
D:6:      layout_layer_cave, kennysheep_little_box
D:7:      layout_gridville, nicolae_overflow_crystal_walls,
          minmay_temple_entry_mist, enter_bailey_3, uniq_duvessa
D:8:      layout_cave_pods, david_lair_generic, uniq_joseph, uniq_grum
D:9:      layout_roguey, hellmonk_ghost_big_iron, uniq_maggie
D:10:     layout_cave_pools, nicolae_ru_great_annihilating_truth,
          ploomutoo_gammafunk_ghost_potion_laboratory
D:11:     layout_cross, bloody_makhleb, uniq_psyche, uniq_lodul, uniq_fannar
D:12:     layout_long_grid, zombieorc2_lemuel, gauntlet_entry_generic,
          uniq_sonja
D:13:     layout_roguey, portal_ice_cave_entry_ice_simulacra, st_stairs_1
D:14:     layout_rooms, david_vaults_2, special_room [special_room_bee],
          nicolae_vehumet_altar_sigil, uniq_jorgrun, uniq_frances
D:15:     hangedman_depths_entry_try_elsewhere_first, layout_loops_ring,
          uniq_azrael
Temple:   nicolae_temple_bog_church
Lair:1:   layout_regular_city, grunt_megastairs_1
Lair:2:   layout_roguey, minmay_shoals_entry_beasts,
          spider_nest_entry_web_field, lemuel_fruit_fields
Lair:3:   layout_chaotic_city, gammafunk_ghost_split, uniq_nergalle
Lair:4:   layout_gridlike, lemuel_fruit_fields
Lair:5:   guppyfry_lair_end_dragon, layout_misc_corridors,
          hangedman_lair_tendril_chambers, minmay_slime_entry_pillars,
          patterned_corridor, uniq_nessos, uniq_kirke
Spider:1: layout_spider_delve
Spider:2: layout_spider_delve, nicolae_spider_some_kinda_spiderbox
Spider:3: layout_cave_pods, nicolae_orb_stairs
Orc:1:    layout_caves, basic_altar, nicolae_shop_self_help
Orc:2:    st_orc_open, layout_caves, basic_altar, lightli_church_of_beogh

Skill      XL: |  1  2  3  4  5  6  7  8  9 10 11 12 13 14 15 16 |
---------------+-------------------------------------------------+-----
Spellcasting   | 3 4 6 7 8 10 11 12 | 12.0
Summonings     | 5 6 7 8 9 10 11 12 14 | 14.1
Dodging        | 3 4 5 8 9 10 11 12 14 17 16 | 17.1
Hexes          | 1 2 3 4 5 |  5.0
Fighting       | 1 2 3 5 6 7 8 10 11 12 13 | 13.4
Air Magic      | 1 4 5 6 7 8 9 |  9.7
Transmutations | 4 7 9 13 12 | 13.1
Ice Magic      | 2 4 |  4.0
Translocations | 6 |  6.7
Stealth        | |  2.6

Action                   |  1- 3 |  4- 6 |  7- 9 | 10-12 | 13-15 | 16-18 || total
-------------------------+-------+-------+-------+-------+-------+-------++-------
Melee: Unarmed           |    20 |    40 |    11 |    47 |   539 |    49 ||   706
       Bite              |     6 |     3 |     1 |    12 |    74 |     4 ||   100
       Punch             |       |     1 |       |       |    10 |       ||    11
       Tailslap          |       |       |       |       |    53 |     4 ||    57
 Cast: Summon Small Mamm |    36 |     8 |    10 |    10 |       |       ||    64
       Call Imp          |    19 |    13 |    15 |    19 |     3 |       ||    69
       Call Canine Famil |     7 |    20 |    44 |    86 |   106 |     6 ||   269
       Summon Guardian G |       |     7 |    56 |   132 |   122 |     4 ||   321
       Mephitic Cloud    |       |       |     7 |    13 |    28 |     3 ||    51
       Summon Lightning  |       |       |    13 |    90 |   106 |     4 ||   213
       Swiftness         |       |       |       |     5 |     6 |       ||    11
       Summon Ice Beast  |       |       |       |       |    34 |       ||    34
       Dragon Form       |       |       |       |       |    41 |     2 ||    43
       Storm Form        |       |       |       |       |    14 |     1 ||    15
       Malign Gateway    |       |       |       |       |     1 |       ||     1
Invok: Call Merchant     |       |       |       |     1 |     1 |       ||     2
 Abil: Breathe Fire      |       |       |       |       |    34 |     2 ||    36
       End Transformatio |       |       |       |       |     1 |       ||     1
       Blinkbolt         |       |       |       |       |     9 |     2 ||    11
Evoke: Wand              |       |       |     6 |     3 |    12 |       ||    21
  Use: Scroll            |       |     7 |     7 |     7 |    21 |     1 ||    43
       Potion            |       |       |     4 |     1 |    10 |       ||    15
 Stab: Sleeping          |     2 |     1 |       |       |     1 |       ||     4
       Distracted        |       |     1 |     1 |     1 |    12 |     1 ||    16
       Confused          |       |       |     1 |     1 |     8 |       ||    10
       Paralysed         |       |       |       |     1 |       |       ||     1
       Betrayed ally     |       |       |       |     1 |       |       ||     1
       Petrified         |       |       |       |       |     2 |       ||     2
Armor: Skin              |     3 |     2 |     6 |     6 |   139 |    14 ||   170
Dodge: Dodged            |    17 |    29 |   101 |   145 |   737 |    74 ||  1103
Block: Other             |       |       |       |    19 |   157 |     7 ||   183
       Reflection        |       |       |       |     2 |     6 |       ||     8
